 Dungeon Crawl Stone Soup version 0.23.2-33-g5129a83184 (webtiles) character file.

Game seed: 12695516637974702124

1419 DorianNounverber the Thaumaturge (level 8, -5/43 HPs)
             Began as a Deep Elf Wizard on July 8, 2019.
             Was a Follower of Sif Muna.
             Killed by divine providence
             ... invoked by an orc priest
              (17 damage)
             ... on level 7 of the Dungeon.
             The game lasted 00:33:28 (10662 turns).

DorianNounverber the Thaumaturge (Deep Elf Wizard) Turns: 10662, Time: 00:33:28

Health: -5/43      AC:  3    Str:  4    XL:     8   Next: 43%
Magic:  17/24      EV: 13    Int: 26    God:    Sif Muna [*.....]
Gold:   102        SH:  0    Dex: 13    Spells: 13/27 levels left

rFire    . . .     SeeInvis +   u - staff of cold
rCold    + . .     Gourm    .   (no shield)
rNeg     . . .     Faith    +   a - +0 robe
rPois    .         Spirit   .   b - +0 hat
rElec    .         Reflect  .   (no cloak)
rCorr    .         Harm     .   (no gloves)
MR       .....                  c - +0 pair of boots
Stlth    +++.......             x - amulet of faith
HPRegen  0.14/turn              k - ring of flight
MPRegen  0.19/turn              I - ring of see invisible

@: no status effects
A: no striking features
a: Divine Energy, Renounce Religion, Evoke Flight


You were on level 7 of the Dungeon.
You worshipped Sif Muna.
Sif Muna was aware of your devotion.
You were not hungry.

You visited 2 branches of the dungeon, and saw 8 of its levels.
You also visited: Ossuary.

You collected 302 gold pieces.
You spent 200 gold pieces at shops.

Inventory:

Hand Weapons
 r - a +2 dagger of freezing
Missiles
 z - 65 arrows
Armour
 a - a +0 robe (worn)
 b - a +0 hat (worn)
 c - a +0 pair of boots (worn)
Magical Staves
 u - an uncursed staff of cold (weapon)
Jewellery
 f - an uncursed amulet of guardian spirit
 k - a ring of flight (left hand)
 x - an amulet of faith (around neck)
 I - a ring of see invisible (right hand)
Wands
 s - a wand of digging (8)
 t - a wand of disintegration (9)
Scrolls
 h - 3 scrolls of remove curse
 i - 3 scrolls of noise {unknown}
 l - 3 scrolls of immolation {unknown}
 m - 9 scrolls of random uselessness {unknown}
 n - 3 scrolls of teleportation
 p - 2 scrolls of fog
 y - 4 scrolls of identify
 C - a scroll of vulnerability {unknown}
 D - a scroll of fear {unknown}
Potions
 e - 3 potions of haste
 g - a potion of might
 j - 5 potions of mutation {unknown}
 o - a potion of invisibility {unknown}
 q - 2 potions of brilliance
 v - a potion of flight {unknown}
 w - 9 potions of degeneration {unknown}
 A - 2 potions of agility {unknown}
 B - a potion of resistance {unknown}
 E - a potion of berserk rage {unknown}
 F - a potion of lignification {unknown}
 G - a potion of curing {unknown}
 H - a potion of ambrosia {unknown}
Comestibles
 d - 4 rations


   Skills:
 + Level 1.1 Fighting
 + Level 3.7 Dodging
 + Level 4.0 Stealth
 + Level 10.3 Spellcasting
 + Level 6.0 Conjurations
 + Level 2.9 Summonings
 + Level 1.3 Translocations
 + Level 1.3 Fire Magic


You had 13 spell levels left.
You knew the following spells:

 Your Spells              Type           Power        Failure   Level  Hunger
a - Magic Dart            Conj           ####         1%          1    None
b - Blink                 Tloc           N/A          4%          2    None
c - Call Imp              Summ           ####....     1%          2    None
d - Conjure Flame         Conj/Fire      ####....     3%          3    None
e - Mephitic Cloud        Conj/Pois/Air  ###.....     6%          3    None
f - Sticks to Snakes      Tmut           ##......     7%          2    None
g - Summon Small Mammal   Summ           ####         1%          1    None

Your spell library contained the following spells:

 Spells                   Type           Power        Failure   Level  Hunger
 Apportation              Tloc           ###...       2%          1    None
 Animate Skeleton         Necr           N/A          4%          1    None
 Beastly Appendage        Tmut           ##....       4%          1    None
 Confusing Touch          Hex            ##....       4%          1    None
 Slow                     Hex            ##......     7%          2    None
 Spider Form              Tmut/Pois      ##........   13%         3    None
 Ice Form                 Ice/Tmut       ###.....     41%         4    None
 Blade Hands              Tmut           ##........   77%         5    ####...


Dungeon Overview and Level Annotations

Branches:
Dungeon (7/15)             Temple (1/1) D:5

Altars:
Ashenzari
Dithmenos
Elyvilon
Fedhas
Gozag
Hepliaklqana
Makhleb
Nemelex Xobeh
Okawaru
Qazlal
Ru
Sif Muna
Trog
Uskayaw
Vehumet
Wu Jian
Xom
Yredelemnul
The Shining One

Shops:
D:4 :   D:6 }:


Message History

Unknown command.
The orc warrior hits your iron imp with a +0 hand axe.
Your iron imp dies!
You climb downwards.
An orc, an orc priest, an orc wizard and a crimson imp come into view.
The orc wizard shouts!
The orc priest shouts!
The crimson imp shouts!
The orc wizard casts a spell.
The orc wizard blinks!
An orc warrior comes into view. It is wielding a +0 long sword.
The orc wizard moves out of view.
Found a rapier.
There is a stone staircase leading up here.
The crimson imp grins evilly.
The orc priest looks encouraged for a moment.
Found a scroll labeled SAROAL PAKOA and 9 gold pieces.
You see here 9 gold pieces.
A bullfrog and a worker ant come into view.
The orc priest mumbles some strange prayers to Beogh against you.
Beogh smites you!
You die...

#. #.# #.# #a# #F##
#..# ##..#
#...########
#.@.5..o...#
#..........#
#.........#$########
#.........o....o....
#..####.....####..##
#.. ##...## #..# #..
##.## #..## #.. #.#
##o.#. #.# ##...#.


You could see a bullfrog (sleeping), a worker ant (wandering), an orc priest, an
orc wizard and a crimson imp.

Vanquished Creatures
  An orc warrior (D:7)
  4 ogres
  A centaur (D:5)
  A howler monkey (D:4)
  A centaur zombie (Ossuary)
  2 hounds
  A jelly (D:5)
  An orc priest (D:5)
  5 orc wizards
  An iguana (D:5)
  2 worker ants
  A big kobold zombie (Ossuary)
  A hound zombie (D:5)
  4 mummies (Ossuary)
  4 gnolls (D:4)
  10 adders
  4 river rats (D:6)
  A shadow imp (D:5)
  2 oozes
  3 worms
  4 dart slugs
  5 leopard geckos
  24 orcs
  5 bats
  6 giant cockroaches
  7 goblins
  5 hobgoblins
  2 jackals (D:4)
  5 quokkas
  2 ball pythons
  7 frilled lizards
  A gnoll zombie (Ossuary)
  A goblin zombie (Ossuary)
  A hobgoblin zombie (Ossuary)
  3 kobolds
  2 kobold zombies (Ossuary)
  An orc zombie (Ossuary)
  12 rats
143 creatures vanquished.

Vanquished Creatures (collateral kills)
  A phantom (D:4)
  An ogre (D:6)
  A mummy (Ossuary)
  2 adders (D:2)
  An adder skeleton (D:6)
  4 orcs (D:5)
  A kobold (D:2)
  A bat (D:2)
  A rat (D:2)
13 creatures vanquished.

Grand Total: 156 creatures vanquished

Notes
Turn   | Place    | Note
-------+----------+-------------------------------------------
     0 | D:1      | DorianNounverber the Deep Elf Wizard began the quest for
                  | the Orb.
     0 | D:1      | Reached XP level 1. HP: 10/10 MP: 7/7
   416 | D:1      | Reached skill level 5 in Spellcasting
   416 | D:1      | Reached XP level 2. HP: 15/15 MP: 3/10
   474 | D:1      | Learned a level 2 spell: Blink
   477 | D:1      | Learned a level 2 spell: Call Imp
  1202 | D:2      | Reached XP level 3. HP: 19/19 MP: 2/12
  1207 | D:2      | Learned a level 3 spell: Conjure Flame
  1211 | D:2      | Learned a level 3 spell: Mephitic Cloud
  2290 | D:3      | Reached XP level 4. HP: 24/24 MP: 0/13
  2450 | D:3      | Reached skill level 6 in Spellcasting
  3256 | D:3      | Reached XP level 5. HP: 28/28 MP: 13/16
  3399 | D:3      | Found a burning altar of Makhleb.
  3754 | D:3      | Reached skill level 7 in Spellcasting
  4847 | D:4      | Reached XP level 6. HP: 27/32 MP: 2/18
  5218 | D:4      | Found Omabyff's Book Shop.
  5384 | D:4      | Learned a level 2 spell: Sticks to Snakes
  5391 | D:4      | Found a hide-covered altar of Uskayaw.
  5458 | D:4      | Reached skill level 8 in Spellcasting
  5858 | D:5      | Entered Level 5 of the Dungeon
  5997 | D:5      | Reached XP level 7. HP: 11/37 MP: 2/21
  6731 | D:5      | Found a hazy altar of Hepliaklqana.
  6837 | D:5      | Reached skill level 9 in Spellcasting
  6963 | D:5      | Found a staircase to the Ecumenical Temple.
  6970 | Temple   | Entered the Ecumenical Temple
  7023 | Temple   | Became a worshipper of Sif Muna the Loreminder
  7467 | D:5      | Found a white marble altar of Elyvilon.
  7565 | D:5      | Reached skill level 5 in Conjurations
  7646 | D:6      | Found Goapour's Book Boutique.
  7652 | D:6      | Bought a book of Cantrips for 200 gold pieces
  7654 | D:6      | Learned a level 1 spell: Summon Small Mammal
  7695 | D:6      | Found Foattetz's Gadget Emporium.
  8331 | D:7      | Found a sand-covered staircase.
  8357 | Ossuary  | Entered an ossuary
  8576 | Ossuary  | Reached skill level 1 in Fire Magic
  8687 | Ossuary  | Reached skill level 1 in Fighting
  8813 | Ossuary  | Reached XP level 8. HP: 43/43 MP: 7/23
  9973 | D:6      | Found a basalt altar of Yredelemnul.
  9987 | D:6      | Reached skill level 10 in Spellcasting
 10024 | D:6      | Reached * piety under Sif Muna
 10662 | D:7      | Killed from afar by an orc priest

Skill      XL: |  1  2  3  4  5  6  7  8 |
---------------+-------------------------+-----
Spellcasting   | 5 6 7 8 9 10 | 10.3
Conjurations   | 2 3 4 5 6 |  6.0
Stealth        | 3 4 |  4.0
Dodging        | 3 |  3.7
Summonings     | 2 |  2.9
Fire Magic     | 1 |  1.3
Fighting       | 1 |  1.1
Translocations | |  1.3

Action                   |  1- 3 |  4- 6 |  7- 9 || total
-------------------------+-------+-------+-------++-------
Melee: Staff             |       |     8 |     4 ||    12
 Cast: Magic Dart        |    88 |   213 |   271 ||   572
       Call Imp          |     5 |     7 |    21 ||    33
       Conjure Flame     |     2 |    10 |    16 ||    28
       Blink             |       |       |     7 ||     7
  Use: Scroll            |     3 |     5 |     2 ||    10
  Eat: Ration            |     2 |     3 |     4 ||     9
Armor: Robe              |     2 |     8 |     8 ||    18
Dodge: Dodged            |     8 |    27 |    52 ||    87
